 Dungeon Crawl Stone Soup version 0.26.1-11-gd32895ea62 (webtiles) character file.

Game seed: 2620138981772010584

435 Descartes the Insei (level 7, -1/35 HPs)
             Began as a Vine Stalker Chaos Knight on May 19, 2021.
             Was a Plaything of Xom.
             Killed by divine providence
             ... invoked by an orc priest
              (8 damage)
             ... on level 5 of the Dungeon.
             The game lasted 00:06:11 (3381 turns).

Descartes the Insei (Vine Stalker Chaos Knight)     Turns: 3381, Time: 00:06:12

Health: -1/35      AC:  7    Str: 21    XL:     7   Next: 0%
Magic:  0/9        EV: 12    Int: 12    God:    Xom [..*...]
Gold:   187        SH:  0    Dex: 11    Spells: 7/8 levels left

rFire    x . .     SeeInvis +     - Unarmed
rCold    + . .     Faith    .   (no shield)
rNeg     + . .     Spirit   +   a - +2 leather armour
rPois    .         Reflect  .   (no helmet)
rElec    .         Harm     .   y - scarf {shadows}
rCorr    +         Rampage  .   e - +0 pair of gloves
Will     .....                  m - +0 pair of boots
Stlth    ++........             (no amulet)
HPRegen  0.51/turn              o - ring of Wiod {Ice rN+ Str+8 Dex-4 SInv}
MPRegen  0.11/turn              x - ring of resist corrosion

@: lethally poisoned (-1 -> -3)
A: fangs 2, regeneration 1, weak 1, magic shield, antimagic bite, no potion heal
3
a: Renounce Religion


You were on level 5 of the Dungeon.
You worshipped Xom.
You were a toy of Xom.
You visited 1 branch of the dungeon, and saw 5 of its levels.

You collected 187 gold pieces.

Inventory:

Missiles
 c - 94 stones (quivered)
 f - 67 sling bullets
 s - 4 boomerangs
 u - 51 arrows
Armour
 a - a +2 leather armour (worn)
 e - a +0 pair of gloves (worn)
 m - a +0 pair of boots (worn)
 y - a scarf of shadows (worn)
Jewellery
 o - the ring of Wiod (left hand) {Ice rN+ Str+8 Dex-4 SInv}
   (Xom gifted it to you on level 3 of the Dungeon)

   [ring of ice]

   It enhances your ice magic.
   It affects your strength (+8).
   It affects your dexterity (-4).
   It makes you vulnerable to fire.
   It protects you from cold.
   It protects you from negative energy.
   It lets you see invisible.
 x - a ring of resist corrosion (right hand)
Wands
 v - a wand of acid (8)
Scrolls
 b - 3 scrolls of enchant weapon {unknown}
 d - 4 scrolls of identify {unknown}
 i - a scroll of fog {unknown}
 j - a scroll of blinking {unknown}
 n - a scroll of fear {unknown}
 p - 2 scrolls of magic mapping {unknown}
 q - a scroll of teleportation {unknown}
Potions
 g - 3 potions of degeneration {unknown}
 h - 2 potions of curing {unknown}
 k - 2 potions of haste
 l - a potion of heal wounds {unknown}
 r - a potion of resistance {unknown}
 t - a potion of cancellation {unknown}
 w - a potion of mutation {unknown}
 z - a potion of flight {unknown}


   Skills:
 - Level 2.6 Fighting
 - Level 1.5 Armour
 + Level 2.4 Dodging
 + Level 4.3 Stealth
 * Level 5.8 Unarmed Combat
 + Level 1.1 Spellcasting


You had 7 spell levels left.
You knew the following spells:

 Your Spells              Type           Power        Failure   Level
a - Foxfire               Conj/Fire      0%           34%         1

Your spell library contained the following spells:

 Spells                   Type           Power        Failure   Level
 Confusing Touch          Hex            0%           71%         3
 Gell's Gravitas          Tloc           0%           71%         3
 Hailstorm                Conj/Ice       0%           98%         4
 Petrify                  Tmut/Erth      0%           98%         4
 Iskenderun's Battlesphe  Conj           0%           100%        5
 Lightning Bolt           Conj/Air       0%           100%        5
 Metabolic Englaciation   Hex/Ice        0%           100%        5
 Yara's Violent Unravell  Hex/Tmut       0%           100%        5


Dungeon Overview and Level Annotations

Branches:
Dungeon (5/15)
 Temple: D:4-7

Altars:
Elyvilon
Vehumet
Zin
The Shining One


Innate Abilities, Weirdness & Mutations

You have extremely sharp teeth.
Your natural rate of healing is unusually fast.
When hurt, damage is shared between your health and your magic reserves.
Your bite disrupts and absorbs the magic of your enemies.
Potions cannot restore your health.
You are weak. (Str -2)


Message History

The orc wizard casts a spell at you. The magic dart hits you.
The orc priest hits you with a +0 mace.
The orc priest hits you with a +2 short sword of venom.
You are more poisoned.
You hit the orc priest but do no damage.
You bite the orc priest, but do no damage.
The orc priest is heavily wounded.
You feel sick. The orc completely misses you.
The orc wizard points at you and mumbles some strange words.
The magic dart hits you.
* * * LOW HITPOINT WARNING * * *
You barely miss the orc priest. Your bite misses the orc priest.
The orc priest is heavily wounded.
You feel sick.
The orc priest calls upon Beogh to heal the orc priest.
The orc priest is healed somewhat.
The orc priest invokes the aid of Beogh against you.
Beogh smites you!
You die...
Xom guffaws!

#.#.#.........#
#.............####
###.##...............
#.#................
#.#.#.......)......
#.#................
#.###..............
#..........o.......
#####......o@o.....
#......o.......
#..............
#........####..
#........# .
#........# #........#


You could see 2 orc priests, an orc wizard and an orc.

Vanquished Creatures
  Sigmund (D:4)
  3 orc wizards (D:3)
  Natasha (D:2)
  5 adders
  2 worms (D:2)
  A dart slug (D:2)
  7 leopard geckos
  2 orcs
  4 giant cockroaches
  6 goblins
  5 hobgoblins
  4 jackals (D:2)
  12 bats
  4 frilled lizards
  7 kobolds
  9 rats
73 creatures vanquished.

Vanquished Creatures (collateral kills)
  An orc warrior (D:3)
  An orc wizard (D:3)
  3 orcs (D:3)
  A rat (D:3)
6 creatures vanquished.

Vanquished Creatures (others)
  A giant cockroach (D:1)
1 creature vanquished.

Grand Total: 80 creatures vanquished

Notes
Turn   | Place    | Note
-------+----------+-------------------------------------------
     0 | D:1      | Descartes the Vine Stalker Chaos Knight began the quest for
                  | the Orb.
     0 | D:1      | Reached XP level 1. HP: 11/11 MP: 2/2
    12 | D:1      | XOM: silly message
    19 | D:1      | XOM: silly message
   139 | D:1      | Reached skill level 1 in Stealth
   141 | D:1      | Reached XP level 2. HP: 16/16 MP: 3/3
   580 | D:1      | XOM: god gift: pair of gloves {god gift}
   741 | D:1      | Reached XP level 3. HP: 19/19 MP: 4/4
   970 | D:1      | XOM: god gift: 36 gold pieces
  1116 | D:2      | Reached skill level 4 in Unarmed Combat
  1128 | D:2      | Reached skill level 1 in Dodging
  1409 | D:2      | Gained mutation: Your natural rate of healing is unusually
                  | fast. [Vine Stalker growth]
  1409 | D:2      | Reached XP level 4. HP: 21/23 MP: 3/5
  1627 | D:2      | Noticed Natasha
  1637 | D:2      | Killed Natasha
  1684 | D:2      | Identified Focrybo's Papyrus of Combat Magic (Xom gifted it
                  | to you on level 2 of the Dungeon)
  1684 | D:2      | XOM: god gift: Focrybo's Papyrus of Combat Magic
  1688 | D:2      | Learned a level 1 spell: Foxfire
  1797 | D:3      | XOM: cast spell 'Metabolic Englaciation'
  1798 | D:3      | XOM: god gift: ancient lapis lazuli ring {god gift}
  1804 | D:3      | Got an ancient lapis lazuli ring {god gift}
  1810 | D:3      | Reached XP level 5. HP: 22/27 MP: 3/6
  1840 | D:2      | Identified the ring of Wiod {Ice rN+ Str+8 Dex-4 SInv} (Xom
                  | gifted it to you on level 3 of the Dungeon)
  1959 | D:3      | XOM: give mutation
  1959 | D:3      | Gained mutation: You are weak. (Str -2) [Xom's mischief]
  1975 | D:3      | Noticed an orc warrior
  1978 | D:3      | Reached skill level 5 in Unarmed Combat
  1979 | D:3      | XOM: scenery: summon butterflies
  1992 | D:3      | Killed an orc warrior
  1993 | D:3      | Reached XP level 6. HP: 11/32 MP: 2/7
  2331 | D:3      | Found a glowing silver altar of Zin.
  2331 | D:3      | Found a glowing golden altar of the Shining One.
  2331 | D:3      | Found a white marble altar of Elyvilon.
  2498 | D:4      | Found a radiant altar of Vehumet.
  2563 | D:4      | XOM is BORED!
  2563 | D:4      | XOM: 1-stop teleportation journey
  2726 | D:4      | Noticed Sigmund
  2728 | D:4      | XOM: noise
  2730 | D:4      | XOM: divination: magic mapping
  2741 | D:4      | Killed Sigmund
  2742 | D:4      | Reached skill level 1 in Spellcasting
  2744 | D:4      | Reached XP level 7. HP: 32/35 MP: 6/9
  2834 | D:4      | XOM: cloud trail
  2875 | D:4      | XOM is BORED!
  2967 | D:4      | XOM: noise
  3322 | D:5      | Entered Level 5 of the Dungeon
  3381 | D:5      | Killed from afar by an orc priest

Illustrated notes

Levels and vault maps discovered:
D:1:      dpeg_arrival_simpleton_c, layout_loops_cross, lemuel_old_faithful
D:2:      layout_basic, uniq_natasha
D:3:      layout_rooms, good_gods_mini_temple, minivault_26
D:4:      layout_loops_corners, nicolae_overflow_hidden_temple,
          corexii_hall_statues_l, uniq_sigmund
D:5:      layout_basic, lemuel_zombie_altar_yredelemnul

Skill      XL: |  1  2  3  4  5  6 |
---------------+-------------------+-----
Stealth        | 1 2 3 4 |  4.3
Unarmed Combat | 4 5 |  5.8
Dodging        | 1 2 |  2.4
Spellcasting   | 1 |  1.1
Fighting       | |  2.6
Armour         | |  1.5

Action                   |  1- 3 |  4- 6 |  7- 9 || total
-------------------------+-------+-------+-------++-------
Melee: Unarmed           |   121 |   106 |     8 ||   235
       Bite              |    24 |    17 |     2 ||    43
       Punch             |       |     2 |     1 ||     3
 Stab: Sleeping          |     2 |     2 |     1 ||     5
Armor: Leather armour    |    54 |    30 |     4 ||    88
Dodge: Dodged            |    64 |    65 |     7 ||   136
